 Dungeon Crawl Stone Soup version 0.20.0-15-g7f486f2 (webtiles) character file.

117 renl the Chopper (level 5, -19/32 HPs)
             Began as a Gargoyle Monk on July 2, 2017.
             Killed from afar by sambo's ghost (20 damage)
             ... with a stone arrow
             ... on level 3 of the Dungeon.
             The game lasted 00:07:50 (2017 turns).

renl the Chopper (Gargoyle Monk)                    Turns: 2017, Time: 00:07:51

Health: -19/32     AC: 14    Str: 15    XL:     5   Next: 1%
Magic:  5/5        EV: 10    Int: 11    God:
Gold:   136        SH:  0    Dex: 12    Spells: 4/4 levels left

rFire    . . .     SeeInvis .   a - +0 hand axe
rCold    . . .     Gourm    .   (no shield)
rNeg     + . .     Faith    .   e - +0 scale mail
rPois    ∞         Spirit   .   s - +0 helmet
rElec    +         Reflect  .   (no cloak)
rCorr    .         Harm     .   (no gloves)
MR       .....                  (no boots)
Stlth    +.........             (no amulet)
Regen    0.1/turn               b - +3 ring of protection
MPRegen  0.1/turn               (no ring)

@: no status effects
A: negative energy resistance 1, electricity resistance, unbreathing,
petrification resistance, rot immunity, AC +4
a: no special abilities


You were on level 3 of the Dungeon.
You were very hungry.

You visited 1 branch of the dungeon, and saw 3 of its levels.

You collected 136 gold pieces.

Inventory:

Hand Weapons
 a - a +0 hand axe (weapon)
 r - a cursed -2 spear
Armour
 e - a +0 scale mail (worn)
 s - a +0 helmet (worn)
Jewellery
 b - a +3 ring of protection (left hand)
Scrolls
 f - 5 scrolls of identify {unknown}
 h - 2 scrolls of teleportation {unknown}
 k - a scroll of remove curse {unknown}
 m - a scroll of recharging {unknown}
 n - 2 scrolls of blinking {unknown}
Potions
 d - 2 potions of curing {unknown}
 g - a potion of mutation {unknown}
 j - a potion of flight {unknown}
 o - a potion of berserk rage {unknown}
 p - a potion of might {unknown}
 q - a potion of lignification {unknown}
Comestibles
 c - a bread ration
 i - 2 meat rations


   Skills:
 + Level 3.6 Fighting
 * Level 4.3 Axes
 + Level 1.0 Armour
 + Level 2.8 Dodging
 - Level 2.1 Stealth


You had 4 spell levels left.
You didn't know any spells.

Dungeon Overview and Level Annotations

Branches:
Dungeon (3/15)

Altars:
Elyvilon

Annotations:
D:3 sambo's ghost, amateur DEEE


Innate Abilities, Weirdness & Mutations

You are resistant to torment.
Your stone body is resilient. (AC +4)
You are immune to poison.
You resist negative energy. (rN+)
You are resistant to electric shocks. (rElec)
You can survive without breathing.
You are immune to petrification.
You are immune to rotting.


Message History

The floor.
Unknown command.
You barely miss sambo's ghost. Sambo's ghost barely misses you.
You barely miss sambo's ghost. Sambo's ghost barely misses you.
You hit sambo's ghost.
Sambo's ghost is lightly damaged.
Sambo's ghost casts a spell at you. The stone arrow hits you!
You hit sambo's ghost.
Sambo's ghost is lightly damaged.
Sambo's ghost casts a spell at you. The stone arrow hits you!
Ouch! That really hurt!
* * * LOW HITPOINT WARNING * * *
You hit sambo's ghost but do no damage.
Sambo's ghost is lightly damaged.
Sambo's ghost casts a spell at you. The stone arrow hits you!
Ouch! That really hurt!
You die...

. #.# .. ####.### ...
#.#..... .... #.#..#.#
.W... #.#..#.#
......##@#..#.#
......!W.#..#.#########
...............<.......
..............#########
..................#
...............##.#
...............#
...............#
...>..........##


You could see sambo's ghost.

Vanquished Creatures
  Robin (D:2)
  4 adders (D:2)
  2 dart slugs (D:1)
  2 ball pythons (D:1)
  3 giant cockroaches
  14 goblins
  7 hobgoblins
  10 jackals
  3 bats
  3 frilled lizards (D:2)
  10 kobolds
  2 rats
61 creatures vanquished.

Vanquished Creatures (others)
  A goblin (D:2)
1 creature vanquished.

Grand Total: 62 creatures vanquished

Notes
Turn   | Place    | Note
-------+----------+-------------------------------------------
     0 | D:1      | renl the Gargoyle Monk began the quest for the Orb.
     0 | D:1      | Reached XP level 1. HP: 14/14 MP: 1/1
   186 | D:1      | Reached skill level 3 in Axes
   186 | D:1      | Reached XP level 2. HP: 14/19 MP: 2/2
   466 | D:1      | Reached XP level 3. HP: 5/23 MP: 3/3
  1114 | D:2      | Found a white marble altar of Elyvilon.
  1349 | D:2      | Noticed Robin
  1352 | D:2      | Reached XP level 4. HP: 28/28 MP: 4/4
  1375 | D:2      | Reached skill level 4 in Axes
  1384 | D:2      | Killed Robin
  1714 | D:2      | Reached XP level 5. HP: 32/32 MP: 5/5
  1735 | D:2      | Reached skill level 1 in Armour
  2004 | D:3      | Noticed sambo's ghost (amateur DEEE)
  2016 | D:3      | HP: 1/32 [sambo's ghost/stone arrow (16)]
  2017 | D:3      | Killed from afar by sambo's ghost

Skill      XL: |  1  2  3  4  5 |
---------------+----------------+-----
Axes           | 3 4 |  4.3
Armour         | 1 |  1.0
Fighting       | |  3.6
Dodging        | |  2.8
Stealth        | |  2.1

Action                   |  1- 3 |  4- 6 || total
-------------------------+-------+-------++-------
Melee: Hand axe          |   160 |   116 ||   276
  Eat: Chunk             |     2 |     1 ||     3
Armor: Scale mail        |    80 |    91 ||   171
Dodge: Dodged            |   119 |    66 ||   185
